 Dungeon Crawl Stone Soup version 0.28-a0-1235-g7c8fac35f0 (webtiles) character file.

Game seed: 2982322245907442565

11 ChaosChampion the Skirmisher (level 2, -2/31 HPs)
             Began as an Ogre Warper on Dec 25, 2021.
             Slain by a hobgoblin (4 damage)
             ... on level 1 of the Dungeon.
             The game lasted 00:00:26 (353 turns).

ChaosChampion the Skirmisher (Ogre Warper)           Turns: 353, Time: 00:00:26

Health: -2/31      AC:  4    Str: 14    XL:     2   Next: 25%
Magic:  5/5        EV:  9    Int: 14    God:
Gold:   13         SH:  0    Dex:  8    Spells: 6/6 levels left

rFire   . . .      SeeInvis .   a - +0 mace
rCold   . . .      Faith    .   (no shield)
rNeg    . . .      Spirit   .   b - +0 robe
rPois   .          Reflect  .   (helmet restricted)
rElec   .          Harm     .   f - +0 cloak
rCorr   .          Rampage  .   (gloves unavailable)
Will    .....                   (boots unavailable)
Stlth   +.........              (no amulet)
HPRegen 0.10/turn               (no ring)
MPRegen 0.09/turn               (no ring)

@: no status effects
A: large, unfitting armour, tough skin 1
a: no special abilities


You were on level 1 of the Dungeon.
You visited 1 branch of the dungeon, and saw 1 of its levels.

You collected 13 gold pieces.

Inventory:

Hand Weapons
 a - a +0 mace (weapon)
Missiles
 d - 5 boomerangs of dispersal (quivered)
Armour
 b - a +0 robe (worn)
 f - a +0 cloak (worn)
Jewellery
 i - a ring of fire
Scrolls
 c - a scroll of blinking
 e - a scroll of immolation {unknown}
 g - a scroll of magic mapping {unknown}
 h - a scroll of amnesia {unknown}


   Skills:
 + Level 3.0 Fighting
 + Level 2.0 Maces & Flails
 - Level 1.0 Throwing
 - Level 2.1 Dodging
 + Level 2.6 Spellcasting
 + Level 2.8 Translocations


You had 6 spell levels left.
You didn't know any spells.
Your spell library contained the following spells:

 Spells                   Type           Power      Damage    Failure   Level
 Blink                    Tloc           18%        N/A       11%         2
 Gell's Gravitas          Tloc           9%         N/A       21%         3
 Lesser Beckoning         Tloc           9%         N/A       21%         3
 Teleport Other           Tloc           9%         N/A       21%         3
 Passwall                 Tmut/Erth      0%         N/A       34%         2
 Swiftness                Air            1%         N/A       56%         3
 Manifold Assault         Tloc           9%         N/A       88%         5


Dungeon Overview and Level Annotations

Branches:
Dungeon (1/15)

Altars:


Innate Abilities, Weirdness & Mutations

You are too large for most types of armour.
You have tough skin. (AC +1)


Message History

You closely miss the hobgoblin. The frilled lizard bites you.
The hobgoblin hits you but does no damage.
The frilled lizard bites you.
The hobgoblin hits you but does no damage.
You hit the hobgoblin but do no damage.
The frilled lizard bites you but does no damage.
The hobgoblin barely misses you.
You closely miss the hobgoblin. The frilled lizard closely misses you.
The hobgoblin barely misses you.
You closely miss the hobgoblin. The frilled lizard barely misses you.
The hobgoblin barely misses you.
The frilled lizard bites you but does no damage.
The hobgoblin hits you.
* * * LOW HITPOINT WARNING * * *
You closely miss the hobgoblin. The frilled lizard bites you.
* * * LOW HITPOINT WARNING * * *
The hobgoblin barely misses you.
You hit the hobgoblin but do no damage.
The frilled lizard bites you but does no damage.
The hobgoblin hits you.
* * * LOW HITPOINT WARNING * * *
You hit the hobgoblin.
The hobgoblin is almost dead.
The frilled lizard bites you but does no damage.
The hobgoblin closely misses you.
The frilled lizard bites you but does no damage.
You closely miss the hobgoblin.
The hobgoblin is almost dead.
The hobgoblin barely misses you. The frilled lizard closely misses you.
The hobgoblin closely misses you.
You completely miss the hobgoblin.
The hobgoblin is almost dead.
The frilled lizard bites you.
* * * LOW HITPOINT WARNING * * *
The hobgoblin barely misses you.
You barely miss the hobgoblin.
The hobgoblin is almost dead.
The frilled lizard bites you but does no damage.
The hobgoblin hits you.
You die...

....≈≈≈≈≈≈..# ####### #####
...≈≈≈≈≈..# ##.....# #...#
#.≈≈≈≈...# ##......# #...'
##.#..g...#.# #.......# #...#
..........#.#.#.....>.# ##'##
............#.#.......# #...#
............#.....)...# #.<.#
............###.......# #...#
.............g@?......# #####
...........†.l##......# #
............#.###.....# +
......................# #
.........#.#########.#########
.###.##.... ............#.#..
#. #.>.. .#######.##...... .
#.... #..###.### .... ##...#.#
#


You could see a hobgoblin and a frilled lizard.

Vanquished Creatures
  A ball python (D:1)
  2 goblins (D:1)
  2 hobgoblins (D:1)
  6 frilled lizards (D:1)
11 creatures vanquished.

Notes
Turn   | Place    | Note
-------+----------+-------------------------------------------
     0 | D:1      | ChaosChampion the Ogre Warper began the quest for the Orb.
     0 | D:1      | Reached XP level 1. HP: 22/22 MP: 3/3
    99 | D:1      | Found a faded altar of an unknown god.
   319 | D:1      | Reached XP level 2. HP: 29/29 MP: 5/5
   338 | D:1      | Reached skill level 3 in Fighting
   353 | D:1      | Slain by a hobgoblin

Illustrated notes

Levels and vault maps discovered:
D:1:      co_arrival_random_square_maze, layout_rooms,
          hellmonk_ecumenical_altar_lost_god, minmay_lizard_pond

Skill      XL: |  1  2 |
---------------+-------+-----
Maces & Flails | 2 |  2.0
Fighting       | 3 |  3.0
Throwing       | |  1.0
Dodging        | |  2.1
Spellcasting   | |  2.6
Translocations | |  2.8

Action                   || total
-------------------------++-------
Melee: Mace              ||    36
Armor: Robe              ||    22
Dodge: Dodged            ||    30

Table legend: (Time is in decaauts)
 A = Elapsed time spent in this place.
 B = Non-inter-level travel time spent in this place.
 C = Inter-level travel time spent in this place.
 D = Time resting spent in this place.
 E = Time spent auto-exploring this place.
 F = Levels seen in this place.
 G = Mean time per level.
                   A        B        C        D        E       F      G
               +--------+--------+--------+--------+--------+-----+--------+
         Total |    363 |    363 |      0 |      0 |    262 |   1 |  363.0 |
       Dungeon |    363 |    363 |      0 |      0 |    262 |   1 |  363.0 |
               +--------+--------+--------+--------+--------+-----+--------+

Top non-repeatable levels by time:
     D:1: 363 daAuts
